 Dungeon Crawl Stone Soup version 0.31-a0-1589-g8f5e8aebd6 (webtiles) character file.

Game seed: 16852530787993739488

119 BigPumpCobain the Ruffian (level 4, -3/42 HPs)
             Began as a Troll Shapeshifter on Jan 6, 2024.
             Succumbed to Crazy Yiuf's poison
             ... on level 3 of the Dungeon.
             The game lasted 00:03:18 (2631 turns).

BigPumpCobain the Ruffian (Troll Shapeshifter)      Turns: 2631, Time: 00:03:18

Health: -3/42      AC:  5    Str: 24    XL:     4   Next: 73%
Magic:  3/3        EV:  9    Int:  6    God:
Gold:   114        SH:  0    Dex:  9    Spells: 3/3 levels left

rFire   . .          .
                       - Unarmed
rCold   . . .        (no shield)
rNeg    . . .        a - +1 animal skin
rPois   .            (helmet currently unavailable)
rElec   .            (cloak currently unavailable)
rCorr   .            (gloves unavailable)
SInv    .            (boots unavailable)
Will    .....        (no amulet)
Stlth   +            (no ring)
HPRegen 1.07/turn    (no ring)
MPRegen 0.08/turn

%: no passive effects
@: mighty, lethally poisoned (-3 -> -14), beast-form, hasted, very quick
A: beast (slay +2), large, unfitting armour, claws 3, regeneration 1, shaggy fur
1, tough skin 1
a: Begin Untransformation


You were on level 3 of the Dungeon.
You were a hulking beast.
You visited 1 branch of the dungeon, and saw 3 of its levels.

You collected 114 gold pieces.

Inventory:

Armour
 a - a +1 animal skin (worn)
Talismans
 c - a beast talisman
 d - a flux talisman
Scrolls
 f - a scroll of poison {unknown}
 g - a scroll of teleportation
 h - a scroll of enchant weapon
 i - a scroll of amnesia {unknown}
 j - a scroll of blinking {unknown}
 k - a scroll of identify
Potions
 b - a potion of lignification


   Skills:
 + Level 1.7 Fighting
 - Level 1.5 Dodging
 * Level 4.2 Unarmed Combat
 * Level 4.0 Shapeshifting


You had 3 spell levels left.
You didn't know any spells.
Your spell library contained the following spells:

 Spells                   Type           Power      Damage    Failure   Level
 Magic Dart               Conj           0%         1d3       45%         1
 Shock                    Conj/Air       0%         1d3       45%         1
 Blink                    Tloc           0%         N/A       58%         2
 Call Imp                 Summ           0%         N/A       58%         2
 Swiftness                Air            0%         N/A       83%         3
 Airstrike                Air            0%         2d(0-16)  99%         4


Dungeon Overview and Level Annotations

Branches:
Dungeon (3/15)

Altars:
Nemelex Xobeh

Shops:
D:2 !   D:3 [

Annotations:
D:3 Crazy Yiuf


Innate Abilities, Weirdness & Mutations

You are a hulking beast.
Your limbs bulge with bestial killing power. (Slay +2)
You are too large for most types of armour.
You have claws for hands.
Your natural rate of healing is unusually fast.
You are covered in fur. (AC +1)
You have tough skin. (AC +1)


Message History

You see here a +0 robe.
There is an open door here.
There is an open door here.
There is an open door here.
You see here a staff of air.
As you open the door, it creaks loudly!
There is an open door here.
There is a faded altar of an unknown god here.
Things that are here:
a +0 whip; 2 stones; a kobold skeleton Crazy Yiuf shouts!
You open the door. You scratch Crazy Yiuf.
Crazy Yiuf is moderately wounded.
Crazy Yiuf says, "Leather!"
Crazy Yiuf closely misses you.
You closely miss Crazy Yiuf.
Crazy Yiuf is moderately wounded.
Crazy Yiuf cries, "Tosser Hive bush!"
Crazy Yiuf hits you with a +2 quarterstaff of chaos!
You scratch Crazy Yiuf but do no damage.
Crazy Yiuf is moderately wounded.
Crazy Yiuf closely misses you.
You scratch Crazy Yiuf.
Crazy Yiuf is heavily wounded.
Crazy Yiuf hits you with a +2 quarterstaff of chaos.
You are electrocuted!!
You scratch Crazy Yiuf.
Crazy Yiuf is heavily wounded.
Crazy Yiuf hits you with a +2 quarterstaff of chaos!
* * * LOW HITPOINT WARNING * * *
You feel very mighty all of a sudden.
You scratch Crazy Yiuf. Your claw misses Crazy Yiuf.
Crazy Yiuf is almost dead.
Crazy Yiuf hits you with a +2 quarterstaff of chaos!
* * * LOW HITPOINT WARNING * * *
You are lethally poisoned!
Okay, then.
It was a potion of haste.
You feel yourself speed up.
You die...

#.# #.# #.# #.# ##.##
#.# #)# #...# #.# #.#
##### #.# #.####
#####.# #....#
#.....# ##.###### ###
####### #.....P##
###..)#
##....P.####hg...#
##....P.#..##...#
##....#.### ###
##############
#.†....# #.#########
#### ########## #.#
#.# #..###........#
#.#
#.#####.........###.#
#.# #...##....##..#.#
#.#


You could see Crazy Yiuf.

Vanquished Creatures
  A sleepcap (D:3)
  2 adders (D:2)
  4 orcs (D:3)
  4 ball pythons
  5 bats
  8 endoplasms
  4 giant cockroaches
  6 goblins
  6 hobgoblins
  9 kobolds
  2 quokkas
  7 frilled lizards
  7 rats
65 creatures vanquished.

Notes
Turn   | Place    | Note
-------+----------+-------------------------------------------
     0 | D:1      | BigPumpCobain the Troll Shapeshifter began the quest for
                  | the Orb.
     0 | D:1      | Reached XP level 1. HP: 18/18 MP: 0/0
   138 | D:1      | Reached skill level 1 in Fighting
   167 | D:1      | Reached XP level 2. HP: 27/27 MP: 1/1
   903 | D:2      | Reached XP level 3. HP: 31/33 MP: 2/2
  1024 | D:2      | Found Enaosisa's Distillery.
  1317 | D:2      | Reached XP level 4. HP: 40/41 MP: 3/3
  1734 | D:3      | Found a faded altar of an unknown god.
  1813 | D:3      | Found a sparkling altar of Nemelex Xobeh.
  1926 | D:3      | Found Ulileaqur's Antique Armour Shoppe.
  2304 | D:3      | Found a runed translucent door.
  2305 | D:3      | Noticed Crazy Yiuf
  2630 | D:3      | HP: 1/42 [Crazy Yiuf/+2 quarterstaff of chaos (11)]
  2631 | D:3      | Succumbed to Crazy Yiuf's poison

Illustrated notes

Levels and vault maps discovered:
D:1:      doesnt_arrival_eight_statues, layout_loops_corners,
          minmay_misc_feat_cross
D:2:      layout_basic, serial_shops, shop
D:3:      layout_loops_corners, general_overflow_altar, serial_shops, shop,
          shapermc_ecumenical_altar_gd, palyth_stone_intersect,
          chequers_serial_rivers_micro_b, minmay_unequal,
          uniq_crazy_yiuf_cottage

Skill      XL: |  1  2  3  4 |
---------------+-------------+-----
Fighting       | 1 |  1.7
Unarmed Combat | 4 |  4.2
Shapeshifting  | 4 |  4.0
Dodging        | |  1.5

Action                     |  1- 3 |  4- 6 || total
---------------------------+-------+-------++-------
  Melee: Unarmed           |   106 |    51 ||   157
         Punch             |     3 |     2 ||     5
    Use: Scroll            |     1 |     2 ||     3
         Potion            |       |     1 ||     1
   Stab: Sleeping          |     1 |       ||     1
 Armour: Animal skin       |    45 |    32 ||    77
  Dodge: Dodged            |    46 |    20 ||    66

Table legend: (Time is in decaauts)
 A = Elapsed time spent in this place.
 B = Non-inter-level travel time spent in this place.
 C = Inter-level travel time spent in this place.
 D = Time resting spent in this place.
 E = Time spent auto-exploring this place.
 F = Levels seen in this place.
 G = Mean time per level.
                   A        B        C        D        E       F      G
               +--------+--------+--------+--------+--------+-----+--------+
         Total |   2620 |   2566 |     54 |      0 |   2195 |   3 |  873.3 |
       Dungeon |   2620 |   2566 |     54 |      0 |   2195 |   3 |  873.3 |
               +--------+--------+--------+--------+--------+-----+--------+

Top non-repeatable levels by time:
     D:3: 1074 daAuts
     D:1: 893 daAuts
     D:2: 652 daAuts
